 Dungeon Crawl Stone Soup version 0.25.0-10-g039870ee82 (webtiles) character file.

Game seed: 2572794855252022033

2316 Flugkiller the Chopper (level 9, 0/85 HPs)
             Began as a Deep Dwarf Fighter on June 23, 2020.
             Was a Follower of Makhleb.
             Succumbed to a killer bee's poison
             ... on level 7 of the Dungeon.
             The game lasted 00:02:20 (2396 turns).

Flugkiller the Chopper (Deep Dwarf Fighter)         Turns: 2396, Time: 00:02:20

Health: 0/85       AC: 12    Str: 22    XL:     9   Next: 18%
Magic:  3/3        EV:  8    Int:  8    God:    Makhleb [*.....]
Gold:   235        SH: 10    Dex: 12    Spells: 8/8 levels left

rFire    . . .     SeeInvis .   t - +1 war axe (flame)
rCold    . . .     Gourm    .   c - +0 kite shield
rNeg     . . .     Faith    +   b - +0 scale mail
rPois    .         Spirit   .   l - +2 helmet
rElec    .         Reflect  .   (no cloak)
rCorr    .         Harm     .   k - +0 pair of gloves
MR       ++...                  (no boots)
Stlth    ..........             s - amulet of faith
HPRegen  0.00/turn              m - ring of protection from magic
MPRegen  0.08/turn              (no ring)

@: mighty, lethally poisoned (0 -> -21), marked, non-regenerating
A: damage resistance, heal wounds, blurry vision 1, dopey 1, low mp 1, mutation
resistance 1, sense surroundings 2, no regeneration
a: Heal Wounds, Renounce Religion


You were on level 7 of the Dungeon.
You worshipped Makhleb.
Makhleb was aware of your devotion.
You were not hungry.

You visited 1 branch of the dungeon, and saw 7 of its levels.

You collected 235 gold pieces.

Inventory:

Hand Weapons
 t - a +1 war axe of flaming (weapon)
   (You took it off Maggie on level 6 of the Dungeon)
Armour
 b - a +0 scale mail (worn)
 c - a +0 kite shield (worn)
 k - a +0 pair of gloves (worn)
   (You found it on level 4 of the Dungeon)
 l - a +2 helmet (worn)
   (You took it off Robin on level 4 of the Dungeon)
Jewellery
 m - a ring of protection from magic (left hand)
   (You found it on level 2 of the Dungeon)
 s - an amulet of faith (around neck)
   (You found it on level 6 of the Dungeon)
 x - a cursed -4 ring of protection {unknown}
   (You found it on level 6 of the Dungeon)
Wands
 i - a wand of enslavement (10)
   (You found it on level 4 of the Dungeon)
 v - a wand of digging (8)
   (You took it off Pikel on level 4 of the Dungeon)
Scrolls
 a - a scroll of summoning {unknown}
 j - 3 scrolls of remove curse {unknown}
 p - a scroll of blinking {unknown}
 r - 4 scrolls of identify
 w - 3 scrolls of magic mapping {unknown}
Potions
 f - a potion of heal wounds
 g - 3 potions of stabbing
 h - a potion of ambrosia
 n - a potion of invisibility {unknown}
 q - 2 potions of mutation
 u - a potion of lignification {unknown}
Comestibles
 e - 6 rations
 o - 10 chunks of flesh


   Skills:
 * Level 6.9 Fighting
 * Level 7.9 Axes
 + Level 6.2 Armour
 + Level 6.2 Shields
 + Level 3.5 Invocations


You had 8 spell levels left.
You didn't know any spells.
Your spell library was empty.

Dungeon Overview and Level Annotations

Branches:
Dungeon (7/15)             Temple (0/1) D:6

Altars:
Makhleb
Okawaru
Trog

Shops:
D:4 (

Annotations:
D:7 Joseph, Menkaure


Innate Abilities, Weirdness & Mutations

You are resistant to damage.
You can heal yourself by infusing magical energy.
You passively map the area around you.
You do not regenerate.
Scrolls take you a little longer to read.
You are dopey. (Int -2)
Your magical capacity is low. (-10% MP)
You are somewhat resistant to further mutation.


Message History

You resist with almost no effort. The iguana closely misses you.
The killer bee stings you!
Joseph zaps a wand.
The bolt of acid hits you!!
You are splashed with acid!
* * * LOW HITPOINT WARNING * * *
You are too injured to fight recklessly!
You are too injured to fight recklessly!
You are too injured to fight recklessly!
You are too injured to fight recklessly!
You are too injured to fight recklessly!
You feel much better.
You feel very sick. The killer bee stings you!
* * * LOW HITPOINT WARNING * * *
The killer bee barely misses you. You block the killer bee's attack.
Menkaure hits you!!
* * * LOW HITPOINT WARNING * * *
The iguana bites you.
* * * LOW HITPOINT WARNING * * *
The killer bee closely misses you.
You die...

, ,* , * * , **....
..#,,* , ,, * ,
###....?.* ,, * .
###....... , * , ,
..#.......?,, ## , * , ,
,*#.......#.# ...* * ,
#......#.##.... , , , ,
#.........#.... , ,,
,...... #<.)..@ly......,
, ....%. #.....y($......
,,,
......###..#...M!.......,
, ,
...........#............
,
.........##.....#.....#,
, * ,
.............##..@...
#...#.....## .#..!#, , *
#...#l....# ,#..## , ,
#.........#* ,,... , ,,


You could see Joseph, Menkaure (fast), 2 iguanas and 2 killer bees.

Vanquished Creatures
  Pikel (D:4)
  Maggie (D:6)
  Sigmund (D:5)
  Eustachio (D:5)
  4 slaves (D:4)
  A black bear (D:7)
  2 orc warriors
  3 ogres
  A phantom (D:7)
  2 bullfrogs
  3 killer bees (D:7)
  2 crimson imps (D:5)
  A bullfrog skeleton (D:7)
  Ijyb (D:5)
  2 worker ants (D:4)
  3 orc wizards
  A hound skeleton (D:5)
  Robin (D:4)
  2 worker ant zombies
  7 adders
  3 leopard geckos
  10 orcs
  A ball python (D:3)
  2 giant cockroaches
  12 goblins
  12 hobgoblins
  A bat (D:1)
  A jackal skeleton (D:5)
  A kobold (D:3)
  A quokka skeleton (D:5)
  3 rats
87 creatures vanquished.

Notes
Turn   | Place    | Note
-------+----------+-------------------------------------------
     0 | D:1      | Flugkiller the Deep Dwarf Fighter began the quest for the
                  | Orb.
     0 | D:1      | Reached XP level 1. HP: 20/20 MP: 1/1
   145 | D:2      | Reached XP level 2. HP: 27/27 MP: 2/2
   402 | D:4      | Reached XP level 3. HP: 30/34 MP: 3/3
   495 | D:4      | Found Goram's Weapon Emporium.
   622 | D:4      | Reached skill level 3 in Axes
   642 | D:4      | Reached XP level 4. HP: 27/42 MP: 4/4
   686 | D:4      | Noticed a slave
   686 | D:4      | Noticed a slave
   687 | D:4      | Noticed Pikel
   687 | D:4      | Noticed a slave
   687 | D:4      | Noticed a slave
   705 | D:4      | Killed a slave
   708 | D:4      | Killed a slave
   716 | D:4      | Killed a slave
   717 | D:4      | Killed a slave
   793 | D:4      | Killed Pikel
   793 | D:4      | Reached skill level 5 in Axes
   793 | D:4      | Reached XP level 5. HP: 33/51 MP: 4/4
   793 | D:4      | Reached XP level 6. HP: 39/60 MP: 5/5
   793 | D:4      | Reached XP level 7. HP: 43/66 MP: 6/6
   856 | D:4      | Noticed Robin
   870 | D:4      | Killed Robin
   923 | D:4      | Found a bloodstained altar of Trog.
  1020 | D:5      | Entered Level 5 of the Dungeon
  1043 | D:5      | Noticed Eustachio
  1045 | D:5      | Noticed Sigmund
  1070 | D:5      | Killed Sigmund
  1070 | D:5      | Reached skill level 5 in Fighting
  1116 | D:5      | Killed Eustachio
  1116 | D:5      | Reached skill level 6 in Axes
  1116 | D:5      | Reached skill level 5 in Armour
  1116 | D:5      | Reached skill level 5 in Shields
  1153 | D:5      | Noticed Ijyb
  1173 | D:5      | Killed Ijyb
  1233 | D:5      | Found a burning altar of Makhleb.
  1238 | D:5      | Reached XP level 8. HP: 36/75 MP: 5/5
  1243 | D:5      | Became a worshipper of Makhleb the Destroyer
  1458 | D:5      | Reached skill level 1 in Invocations
  1823 | D:6      | Noticed Maggie
  1854 | D:6      | Killed Maggie
  1854 | D:6      | Reached skill level 7 in Axes
  1898 | D:6      | Found an iron altar of Okawaru.
  1944 | D:6      | Reached * piety under Makhleb
  2088 | D:6      | Found a staircase to the Ecumenical Temple.
  2333 | D:7      | Gained mutation: You passively map the area around you.
                  | [Deep Dwarf growth]
  2333 | D:7      | Reached XP level 9. HP: 47/85 MP: 6/6
  2374 | D:7      | Noticed Menkaure
  2382 | D:7      | Noticed Joseph
  2386 | D:7      | Gained mutation: Your magical capacity is low. (-10% MP)
                  | [potion of mutation]
  2386 | D:7      | Gained mutation: Scrolls take you a little longer to read.
                  | [potion of mutation]
  2386 | D:7      | Gained mutation: You are dopey. (Int -2) [potion of
                  | mutation]
  2386 | D:7      | Gained mutation: You are somewhat resistant to further
                  | mutation. [potion of mutation]
  2395 | D:7      | HP: 3/85 [iguana (2)]
  2396 | D:7      | Succumbed to a killer bee's poison

Illustrated notes

Levels and vault maps discovered:
D:1:      dpeg_arrival_renting, layout_loops_cross, st_stairs_14,
          minmay_misc_feat_x, serial_bayou_pond_d, minmay_cupped
D:2:      layout_rooms, old_standard_altar, nicolae_overflow_hidden_temple,
          chequers_ecumenical_altar_simple_redux, solitary_fountain,
          minmay_liquid_box, minmay_quadrilaterals, uniq_natasha
D:3:      cheibrodos_greedy_goblins, layout_basic,
          nicolae_ru_great_annihilating_truth, grunt_temple_overflow_open,
          dk_noncrumbling_2, uniq_jessica
D:4:      layout_gridville, kennysheep_mini_moat, serial_shops, shop_coins,
          uniq_pikel, uniq_robin
D:5:      cheibrodos_quashed, layout_cave_pools, makhleb_grotto_becter,
          first_ration, uniq_sigmund, uniq_eustachio, uniq_ijyb
D:6:      layout_basic, lemuel_coloured_pillars_altar, lemuel_temple_firewalk_b,
          uniq_maggie
D:7:      layout_cave_pools, moated_statue, kennysheep_generic_room_4,
          uniq_menkaure, uniq_joseph

Skill      XL: |  1  2  3  4  5  6  7  8 |
---------------+-------------------------+-----
Fighting       | 3 4 5 6 |  6.9
Axes           | 3 5 6 7 |  7.9
Armour         | 4 5 6 |  6.2
Shields        | 4 5 6 |  6.2
Invocations    | 3 |  3.5

Action                   |  1- 3 |  4- 6 |  7- 9 || total
-------------------------+-------+-------+-------++-------
Melee: War axe           |    66 |    97 |   273 ||   436
 Abil: Heal Wounds       |       |     5 |    26 ||    31
  Use: Scroll            |       |       |     2 ||     2
       Potion            |       |       |     2 ||     2
  Eat: Chunk             |       |       |     6 ||     6
Armor: Scale mail        |    32 |    43 |   304 ||   379
Dodge: Dodged            |    15 |    32 |   173 ||   220
Block: Kite shield       |    31 |    61 |   254 ||   346
